 Dungeon Crawl Stone Soup version 0.26-a0-64-g059e62fbdb (webtiles) character file.

Game seed: 9918185369696881097

161541 bmfx the Carver (level 17, -6/85 HPs)
             Began as a Vine Stalker Hunter on June 10, 2020.
             Was the Champion of Okawaru.
             Killed from afar by a shock serpent (17 damage)
             ... with a bolt of electricity
             ... on level 2 of the Snake Pit.
             The game lasted 01:25:13 (28204 turns).

bmfx the Carver (Vine Stalker Hunter)              Turns: 28204, Time: 01:25:14

Health: -6/85      AC: 32    Str: 22    XL:     17   Next: 49%
Magic:  0/34       EV: 10    Int: 16    God:    Okawaru [******]
Gold:   1179       SH: 24    Dex: 17    Spells: 16/16 levels left

rFire    x . .     SeeInvis .   a - +6 demon blade (elec)
rCold    + . .     Gourm    .   Q - +0 tower shield
rNeg     . . .     Faith    .   Z - +7 plate armour of the Tired Xeniums {god gift, +Inv rF- rC+}
rPois    +         Spirit   +   X - +0 helmet
rElec    .         Reflect  +   M - +2 cloak
rCorr    .         Harm     .   N - +0 pair of gloves of Entitlement {god gift, -Cast rPois Int+5 Dex+2}
MR       +++..     NoCast   +   I - +2 pair of boots
Stlth    ..........             R - amulet of reflection
HPRegen  1.04/turn              x - ring of protection from magic
MPRegen  0.24/turn              W - ring of magical power

@: no status effects
A: fangs 3, regeneration 2, magic shield, antimagic bite, no potion heal 3, rot
immunity
}: 1/15 runes: decaying
a: Heroism, Finesse, Renounce Religion, Evoke Invisibility


You were on level 2 of the Snake Pit.
You worshipped Okawaru.
Okawaru was exalted by your worship.
You were not hungry.

You visited 6 branches of the dungeon, and saw 30 of its levels.
You also visited: Ossuary and Ice Cave.

You collected 2579 gold pieces.
You spent 1400 gold pieces at shops.


Innate Abilities, Weirdness & Mutations

You have razor-sharp teeth.
You heal very quickly.
When hurt, damage is shared between your health and your magic reserves.
Your bite disrupts and absorbs the magic of your enemies.
Potions cannot restore your health.
You are immune to rotting.

Dungeon Overview and Level Annotations

Branches:
Dungeon (15/15)            Temple (1/1) D:5            Lair (6/6) D:9
  Swamp (4/4) Lair:2        Snake (2/4) Lair:3        Slime (0/5) Lair:6
    Orc (2/2) D:9             Elf (0/3) Orc:2        Vaults (0/5) D:13
 Depths (0/5) D:15        Ossuary (visited)           IceCv (visited)

Altars:
Ashenzari
Elyvilon
Fedhas
Gozag
Kikubaaqudgha
Nemelex Xobeh
Okawaru
Qazlal
Ru
Sif Muna
Trog
Uskayaw
Vehumet
Wu Jian
Xom
Yredelemnul
Zin
The Shining One
Beogh

Shops:
D:4 [   D:8 ?   D:13 }[[*!   Orc:2 *=([

Annotations:
D:13 miasma, 1 exclusion
Lair:6 exclusion: 2 doors
Swamp:3 2 transporters, Ilaxibre's ghost, adept FoEE
Swamp:4 Roxanne
Orc:1 1 runed translucent door, Ciad's ghost, journeyman MiBe


   Skills:
 - Level 8.0 Fighting
   Level 2.1(9.9) Short Blades
 - Level 14.4(14.5) Long Blades
 + Level 4.5 Crossbows
 - Level 12.0 Armour
 - Level 10.4 Dodging
 - Level 2.3 Stealth
 + Level 11.6 Shields
 - Level 10.0 Invocations
 - Level 10.0 Evocations


You had 16 spell levels left.
You didn't know any spells.
Your spell library contained the following spells:

 Spells                   Type           Power        Failure   Level  Hunger
 Animate Skeleton         Necr           N/A          100%        1    ##.....
 Apportation              Tloc           #.....       100%        1    ##.....
 Corona                   Hex            #......      100%        1    ##.....
 Foxfire                  Conj/Fire      #...         100%        1    ##.....
 Shock                    Conj/Air       #...         100%        1    ##.....
 Summon Butterflies       Summ           #.......     100%        1    ##.....
 Summon Small Mammal      Summ           #...         100%        1    ##.....
 Slow                     Hex            #.......     100%        2    ###....
 Swiftness                Chrm/Air       #.......     100%        2    ###....
 Call Canine Familiar     Summ           #.......     100%        3    ####...
 Conjure Flame            Conj/Fire      #.......     100%        3    ####...
 Inner Flame              Hex/Fire       #.......     100%        3    ####...
 Portal Projectile        Hex/Tloc       #.....       100%        3    ####...
 Recall                   Summ/Tloc      N/A          100%        3    ####...
 Static Discharge         Conj/Air       #.......     100%        3    ####...
 Airstrike                Air            #.........   100%        4    #####..
 Cause Fear               Hex            #.........   100%        4    #####..
 Leda's Liquefaction      Hex/Erth       #.........   100%        4    #####..
 Sticky Flame             Conj/Fire      #.......     100%        4    #####..
 Summon Ice Beast         Ice/Summ       #.......     100%        4    #####..
 Summon Lightning Spire   Summ/Air       #.......     100%        4    #####..
 Aura of Abjuration       Summ           #.........   100%        5    ######.
 Fireball                 Conj/Fire      #.........   100%        5    ######.
 Lightning Bolt           Conj/Air       #.........   100%        5    ######.
 Silence                  Hex/Air        #.........   100%        5    ######.
 Summon Demon             Summ           #.........   100%        5    ######.
 Summon Forest            Summ/Tloc      #.........   100%        5    ######.
 Summon Mana Viper        Hex/Summ       #.......     100%        5    ######.
 Conjure Ball Lightning   Conj/Air       #.........   100%        6    #######
 Shadow Creatures         Summ           N/A          100%        6    #######
 Summon Hydra             Summ           #.........   100%        7    #######
 Tornado                  Air            #.........   100%        9    #######

Action                   |  1- 3 |  4- 6 |  7- 9 | 10-12 | 13-15 | 16-18 || total
-------------------------+-------+-------+-------+-------+-------+-------++-------
Melee: Short sword       |    62 |    13 |       |       |       |       ||    75
       Bite              |    11 |    16 |   136 |   352 |   630 |   311 ||  1456
       Long sword        |       |    31 |   430 |   928 |       |       ||  1389
       Demon blade       |       |       |       |     1 |  1517 |   647 ||  2165
       Scimitar          |       |       |       |       |       |    79 ||    79
 Fire: Hand crossbow     |    26 |     6 |    21 |    32 |    43 |     9 ||   137
Throw: Stone             |     8 |     2 |       |       |     9 |       ||    19
       Dart              |       |    14 |    18 |    40 |   139 |    49 ||   260
       Javelin           |       |       |       |       |    13 |       ||    13
Invok: Heroism           |       |       |     7 |    31 |    18 |     7 ||    63
       Finesse           |       |       |       |     3 |     2 |     4 ||     9
Evoke: Wand              |       |     5 |     6 |    27 |    13 |     9 ||    60
       Lightning rod     |       |       |       |       |     4 |       ||     4
  Use: Scroll            |     9 |     3 |    10 |     9 |     9 |     5 ||    45
       Potion            |       |       |       |       |     2 |     3 ||     5
 Stab: Sleeping          |     2 |     3 |       |       |       |       ||     5
       Paralysed         |       |       |       |       |     6 |     3 ||     9
       Petrified         |       |       |       |       |     5 |       ||     5
       Petrifying        |       |       |       |       |     2 |       ||     2
       Invisible         |       |       |       |       |       |     6 ||     6
       Confused          |       |       |       |       |       |     3 ||     3
  Eat: Chunk             |     3 |     4 |    11 |    18 |    23 |     8 ||    67
       Ration            |       |       |     1 |     1 |     2 |     4 ||     8
Armor: Leather armour    |    24 |    13 |       |       |       |       ||    37
       Chain mail        |       |     4 |    47 |       |       |       ||    51
       Plate armour      |       |       |   171 |   408 |   417 |   298 ||  1294
Dodge: Dodged            |    32 |    23 |    66 |   158 |   262 |   167 ||   708
Block: Buckler           |     2 |    10 |    42 |       |       |       ||    54
       Tower shield      |       |       |   223 |   715 |  1013 |   720 ||  2671
       Reflection        |       |       |       |       |     4 |    32 ||    36
       Rpst.: Long sword |       |     8 |    22 |    38 |       |       ||    68
       Demon blade       |       |       |       |       |    54 |    23 ||    77
       Scimitar          |       |       |       |       |       |     1 ||     1

Skill      XL: |  1  2  3  4  5  6  7  8  9 10 11 12 13 14 15 16 17 |
---------------+----------------------------------------------------+-----
Stealth        | 2 |  2.3
Short Blades   | 1 2 |  2.1
Crossbows      | 4 |  4.5
Shields        | 1 3 4 6 8 9 11 | 11.6
Evocations     | 1 2 4 5 8 10 | 10.0
Long Blades    | 3 4 7 10 13 14 | 14.4
Invocations    | 4 8 10 | 10.0
Fighting       | 4 8 |  8.0
Dodging        | 4 6 7 10 | 10.4
Armour         | 6 8 10 12 | 12.0

Inventory:

Hand Weapons
 a - a +6 demon blade of electrocution (weapon)
 b - a +3 scimitar of flaming
 w - the +8 hand crossbow of Guilt {god gift, elec, MP+9}
   (Okawaru gifted it to you on level 1 of the Snake Pit)

   It charges the ammunition it shoots with electricity; occasionally upon a
   hit, such missiles may discharge and cause terrible harm.
   It affects your magic capacity (+9).
Missiles
 e - 295 bolts
 A - 11 curare-tipped darts (quivered)
Armour
 n - a +2 pair of gloves
 I - a +2 pair of boots (worn)
 M - a +2 cloak (worn)
 N - the +0 pair of gloves of Entitlement (worn) {god gift, -Cast rPois Int+5 Dex+2}
   (Okawaru gifted it to you on level 5 of the Lair of Beasts)

   It affects your intelligence (+5).
   It affects your dexterity (+2).
   It protects you from poison.
   It prevents spellcasting.
 Q - a +0 tower shield (worn)
 X - a +0 helmet (worn)
 Z - the +7 plate armour of the Tired Xeniums (worn) {god gift, +Inv rF- rC+}
   (Okawaru gifted it to you on level 12 of the Dungeon)

   It makes you vulnerable to fire.
   It protects you from cold.
   It lets you turn invisible.
Jewellery
 s - an uncursed ring of flight
 x - a ring of protection from magic (left hand)
 O - an uncursed ring of fire
 R - an amulet of reflection (around neck)
 V - an uncursed ring of protection from cold
 W - a ring of magical power (right hand)
Wands
 c - a wand of enslavement (20)
 g - a wand of flame (34)
 r - a wand of polymorph (1)
 C - a wand of clouds (10)
 D - a wand of iceblast (33)
 S - a wand of digging (12)
 T - a wand of acid (5)
 Y - a wand of paralysis (4)
Scrolls
 d - a scroll of holy word
 h - 13 scrolls of remove curse {@r4}
 o - 4 scrolls of fog
 p - a scroll of identify {@r3}
 u - 3 scrolls of magic mapping
 y - 4 scrolls of fear
 F - 5 scrolls of blinking {@r2}
 G - 4 scrolls of enchant armour
 L - 4 scrolls of teleportation {@r1}
Potions
 i - 6 potions of haste {@q4}
 j - 4 potions of stabbing
 l - 16 potions of curing {@q2}
 m - 6 potions of berserk rage
 t - 2 potions of mutation
 v - 5 potions of cancellation
 B - 4 potions of resistance
 E - 5 potions of might
 H - 3 potions of flight
 U - 2 potions of ambrosia
Miscellaneous
 k - a box of beasts
 q - a lightning rod (4/4)
 J - a tin of tremorstones (3/3)
 P - a phial of floods
Comestibles
 f - 38 rations

. #(.##### .
..#......# ..
.#......# ..
.......# #.
#......#
#..#......#
#.........###.
#....<........
#...#.@...###
.........S..#
........#.......
.....##.#..##.#.
..... ...... ..
.#.. ##.#..## #
#. #..... #.
..##


You could see a shock serpent (poisoned).

Vanquished Creatures
  Jorgrun (Swamp:2)
  Rupert (D:12)
  3 thorn hunters (Swamp:4)
  2 orc warlords (Orc:2)
  A dire elephant (Lair:6)
  Snorg (Orc:2)
  3 rakshasas
  2 ogre magi
  27 hydras
  A naga warrior (Snake:1)
  A great orb of eyes (D:14)
  A catoblepas (D:14)
  4 ghost crabs (Swamp:3)
  2 shambling mangroves
  9 two-headed ogres
  9 alligators
  An anaconda (Snake:1)
  Urug (D:10)
  A tengu warrior (D:14)
  4 orc high priests (Orc:2)
  A naga sharpshooter (Snake:1)
  Nergalle (Lair:4)
  Sonja (Orc:2)
  3 spriggans (Swamp:1)
  2 unseen horrors
  2 spriggan druids
  8 swamp dragons
  A glowing orange brain (D:15)
  4 lindwurms
  3 orc knights (Orc:2)
  2 mana vipers
  4 orc sorcerers (Orc:2)
  2 manticores
  4 cyclopes
  5 ugly things
  Maurice (Orc:2)
  14 elephants
  10 black mambas
  An eye of devastation (Swamp:4)
  2 gargoyles
  14 spiny frogs
  3 rime drakes (Lair:6)
  An ice devil (IceCv)
  An efreet (D:15)
  3 komodo dragons
  A freezing wraith (D:14)
  2 tengu conjurers
  15 trolls
  8 polar bears
  4 tyrant leeches
  A wind drake (shapeshifter) (D:15)
  8 hornets
  A hornet (shapeshifter) (D:15)
  10 blink frogs
  24 slime creatures
  11 dream sheep
  6 bog bodies
  A dream sheep (shapeshifter) (D:15)
  12 hippogriffs
  A vampire (D:13)
  2 shadows (Swamp:3)
  A wraith (D:13)
  41 yaks
  A wyvern (D:14)
  Eustachio (D:4)
  A hungry ghost (D:7)
  4 basilisks
  19 vampire mosquitoes
  3 wargs (Orc:2)
  Menkaure (Ossuary)
  14 swamp worms
  2 two-headed ogre zombies (D:9)
  4 nagas (Snake:1)
  10 insubstantial wisps
  An acid dragon (D:12)
  2 soldier ants
  18 water moccasins
  9 porcupines
  A hornet zombie (D:11)
  6 swamp drakes
  27 orc warriors
  3 sky beasts
  14 ice beasts
  2 eyes of draining
  5 black bears
  11 ogres
  A necrophage (D:10)
  4 phantoms
  41 wolves
  12 centaurs
  17 crocodiles
  5 big kobolds
  17 bullfrogs
  3 scorpions
  7 wights
  2 troll zombies (D:9)
  17 killer bees
  8 electric eels
  5 howler monkeys
  7 crimson imps
  3 bullfrog zombies
  7 centaur zombies
  9 hounds
  6 centaur skeletons
  20 orc priests
  6 jellies
  18 orc wizards
  5 iguanas
  4 hell rats (Lair:3)
  13 worker ants
  2 killer bee zombies
  4 ogre zombies (D:9)
  2 hound zombies
  A hound skeleton (D:9)
  3 mummies (Ossuary)
  20 adders
  2 shadow imps
  4 white imps
  3 ufetubi (IceCv)
  5 oozes
  An adder skeleton (D:6)
  An adder zombie (D:7)
  A worm (D:4)
  A dart slug (D:3)
  5 leopard geckos
  69 orcs
  A ball python (Lair:3)
  4 giant cockroaches
  3 goblins (D:1)
  3 hobgoblins
  16 jackals
  4 quokkas
  6 bats
  3 frilled lizards
  4 gnoll skeletons (Ossuary)
  5 gnoll zombies (Ossuary)
  8 goblin skeletons
  4 goblin zombies
  6 hobgoblin skeletons
  11 hobgoblin zombies
  32 kobolds
  5 kobold skeletons
  7 kobold zombies
  A leopard gecko skeleton (D:4)
  A leopard gecko zombie (D:5)
  14 orc skeletons
  17 orc zombies
  A quokka skeleton (D:6)
  12 rats
  3 rat skeletons (Ossuary)
  2 rat zombies (Ossuary)
  A spectral orc (D:9)
1011 creatures vanquished.

Vanquished Creatures (others)
  A two-headed ogre (D:14)
  A naga mage (Snake:1)
  2 tyrant leeches
  2 swamp drakes
  A sky beast (D:5)
  3 white imps (IceCv)
  2 ufetubi (IceCv)
  11 fungi
  2 plants
25 creatures vanquished.

Grand Total: 1036 creatures vanquished

Levels and vault maps discovered:
D:1:      roderic_octagonal_star, layout_basic
D:2:      layout_basic, zin_treasury, nemelex_spade_bored_becter
D:3:      layout_loops_ring
D:4:      layout_rooms, lemuel_crystal_altar, serial_shops,
          nicolae_shop_competitors_out_of_business, uniq_eustachio
D:5:      layout_basic, minmay_temple_entry_mini_moons, first_ration,
          nicolae_ossuary_entry_ruins
D:6:      layout_loops_ring, nemelex_xobeh_ov_fountains_minmay, basic_altar,
          minmay_manual_mess
D:7:      layout_loops_ring, eat_drink_and_be_merry_uskayaw,
          nicolae_overflow_quartered_altars
D:8:      layout_loops_ring, serial_shops, nicolae_shop_statue_plus,
          nicolae_tso_besieged_by_evil
D:9:      layout_gridville, yredelemnul_forgotten_temple_becter,
          erik_lair_island, zombieorc2_lemuel
D:10:     layout_rooms, uniq_urug
D:11:     layout_rooms, portal_ice_cave_entry_ice_beasts
D:12:     layout_irregular_city, grunt_tengu_nest, uniq_rupert, uniq_nessos
D:13:     layout_basic, david_vaults_1, serial_shops, shop,
          nicolae_shop_overgrown_old_shop, nicolae_shop_stone, shop, shop,
          wad_floor_pattern_1, lemuel_nasty_fountain
D:14:     layout_basic, hangedman_abyss_or_decor_passed
D:15:     gammafunk_enter_depths_forms, layout_small_grid,
          chequers_serial_rivers_micro_e
Temple:   dshaligram_water_room_temple
Lair:1:   beast_lair_carwin_large_3, layout_cave_pods,
          infiniplex_staircase_pool_2, lemuel_fruit_fields, grunt_megastairs_2
Lair:2:   layout_small_grid, skrybe_swamp_entry_bodies, lemuel_fruit_tree,
          serial_bayou_shore_a, grunt_megastairs_4
Lair:3:   layout_regular_city, minmay_snake_entry_six_corridors,
          infiniplex_staircase_pool
Lair:4:   layout_loops_ring, serial_bayou, serial_bayou_pond_c,
          serial_bayou_lagoon_a, serial_bayou_crossing, serial_bayou_shore_b,
          hangedman_lair_generics_rect, uniq_nergalle
Lair:5:   layout_hall_layers, hangedman_lair_unloving_vines, wad_woods_river_03,
          st_stairs_10, beast_lair_carwin_7
Lair:6:   evil_forest, layout_long_grid, nicolae_slime_entry_slimehenge,
          grunt_forest_large_clearings
Swamp:1:  layout_falls_marsh, evilmike_swamp_ruin_house_5, swamp_pool4,
          nicolae_swamp_fairy_circle
Swamp:2:  layout_falls_marsh, evilmike_swamp_ruin_house_2, uniq_jorgrun
Swamp:3:  layout_basic_swamp, gammafunk_ghost_abyssal_escape,
          nicolae_swamp_triple_paths
Swamp:4:  swamp_alternative, layout_basic_swamp, swamp_pool3, uniq_roxanne
Snake:1:  layout_basic
Snake:2:  layout_basic, minmay_shop_star
Orc:1:    layout_diamond_mine, gammafunk_ghost_grave, basic_altar,
          mines_bat_river
Orc:2:    grunt_orc_gardens, layout_caves, grunt_orc_garden, grunt_orc_garden,
          grunt_orc_garden, grunt_orc_garden, uniq_snorg, uniq_sonja,
          uniq_maurice


Message History

You closely miss the shock serpent.
The shock serpent is heavily wounded.
You closely miss the shock serpent. Your bite misses the shock serpent.
The shock serpent is heavily wounded.
The shock serpent is no longer moving slowly.
The shock serpent shoots out a bolt of lightning at you!
The bolt of electricity hits you! The bolt of electricity hits you.
You slice the shock serpent!! Your bite misses the shock serpent.
The shock serpent is almost dead.
The shock serpent's electric aura discharges, shocking you!
The shock serpent shoots out a bolt of lightning at you!
The bolt of electricity hits you! The bolt of electricity hits you!!
* * * LOW HITPOINT WARNING * * *
As you read the scroll of fear, it crumbles to dust.
You assume a fearsome visage.
The shock serpent easily resists.
The shock serpent shoots out a bolt of lightning at you!
The bolt of electricity hits you!
* * * LOW HITPOINT WARNING * * *
The bolt of electricity hits you!!
You die...

Notes
Turn   | Place    | Note
-------+----------+-------------------------------------------
     0 | D:1      | bmfx the Vine Stalker Hunter began the quest for the Orb.
     0 | D:1      | Reached XP level 1. HP: 11/11 MP: 2/2
   143 | D:1      | Reached XP level 2. HP: 15/15 MP: 3/3
   258 | D:1      | Reached skill level 1 in Short Blades
   833 | D:2      | Reached XP level 3. HP: 18/18 MP: 4/4
  1055 | D:2      | Found a glowing silver altar of Zin.
  2170 | D:3      | Reached skill level 1 in Shields
  2170 | D:3      | Gained mutation: Your natural rate of healing is unusually
                  | fast. [Vine Stalker growth]
  2170 | D:3      | Reached XP level 4. HP: 23/23 MP: 5/5
  2625 | D:2      | Found a sparkling altar of Nemelex Xobeh.
  2673 | D:4      | Noticed an ogre
  2726 | D:4      | Noticed Eustachio
  2796 | D:4      | Found a shimmering blue altar of Sif Muna.
  2821 | D:4      | Found Jefogef's Armour Shop.
  2907 | D:4      | Reached skill level 1 in Evocations
  2907 | D:4      | Reached XP level 5. HP: 25/26 MP: 4/7
  2988 | D:4      | Killed an ogre
  2988 | D:4      | Reached XP level 6. HP: 30/30 MP: 7/9
  3120 | D:4      | Killed Eustachio
  3210 | D:4      | Bought a +1 pair of boots for 161 gold pieces
  3314 | D:4      | Reached XP level 7. HP: 32/34 MP: 11/11
  3367 | D:5      | Entered Level 5 of the Dungeon
  3376 | D:5      | Reached skill level 5 in Evocations
  3393 | D:5      | Found a staircase to the Ecumenical Temple.
  3404 | D:5      | Reached skill level 1 in Long Blades
  3411 | Temple   | Entered the Ecumenical Temple
  3430 | Temple   | Became a worshipper of Warmaster Okawaru
  3467 | D:5      | Reached skill level 2 in Long Blades
  3512 | D:5      | Reached * piety under Okawaru
  3512 | D:5      | Reached skill level 3 in Long Blades
  3573 | D:5      | Gained mutation: You have razor-sharp teeth. [Vine Stalker
                  | growth]
  3573 | D:5      | Reached XP level 8. HP: 30/38 MP: 9/12
  3574 | D:5      | Found a sand-covered staircase.
  3589 | Ossuary  | Entered an ossuary
  3687 | Ossuary  | EnegeticOcto: I bring good luck! :)
  3924 | Ossuary  | Reached skill level 1 in Invocations
  3926 | Ossuary  | Noticed Menkaure
  3940 | Ossuary  | Killed Menkaure
  4503 | D:4      | Bought a +0 tower shield for 63 gold pieces
  4609 | D:6      | Reached ** piety under Okawaru
  4890 | D:6      | Reached skill level 4 in Long Blades
  4890 | D:6      | Reached XP level 9. HP: 43/45 MP: 11/13
  4978 | D:6      | Reached *** piety under Okawaru
  4978 | D:6      | Reached skill level 5 in Long Blades
  5215 | D:6      | Found a shattered altar of Ashenzari.
  5234 | D:6      | Reached skill level 6 in Long Blades
  5236 | D:6      | Found a sparkling altar of Nemelex Xobeh.
  5479 | D:7      | Found a bloodstained altar of Trog.
  5479 | D:7      | Found a shimmering altar of Xom.
  5479 | D:7      | Found an ornate altar of the Wu Jian Council.
  5500 | D:7      | Found a radiant altar of Vehumet.
  5765 | D:7      | Reached skill level 7 in Long Blades
  5904 | D:7      | Found a hide-covered altar of Uskayaw.
  6417 | D:8      | Noticed a hornet
  6421 | D:8      | Killed a hornet
  6597 | D:8      | Reached XP level 10. HP: 48/49 MP: 14/14
  6636 | D:8      | Reached skill level 5 in Dodging
  6742 | D:8      | Found Kamoes's Magic Scroll Boutique.
  6751 | D:8      | Bought a scroll of fog for 28 gold pieces
  6751 | D:8      | Bought a scroll of fear for 49 gold pieces
  6751 | D:8      | Bought a scroll of identify for 28 gold pieces
  6805 | D:8      | Found a glowing golden altar of the Shining One.
  6879 | D:8      | Reached skill level 1 in Armour
  6932 | D:8      | Reached **** piety under Okawaru
  7198 | D:9      | Found a staircase to the Lair.
  7349 | D:9      | Identified the cursed +0 plate armour "Iciol" {rN+++ Regen+
                  | Str-5 Int+3}
  7359 | D:9      | Reached skill level 5 in Armour
  7490 | D:9      | Found a basalt altar of Yredelemnul.
  7530 | D:9      | Found a staircase to the Orcish Mines.
  7777 | D:9      | Noticed a white ugly thing
  7789 | D:9      | Killed a white ugly thing
  7962 | D:9      | Reached XP level 11. HP: 53/53 MP: 15/15
  8039 | D:9      | Reached skill level 5 in Invocations
  8057 | D:9      | Reached ***** piety under Okawaru
  8113 | D:9      | Noticed a two-headed ogre
  8122 | D:9      | Killed a two-headed ogre
  8226 | D:10     | Entered Level 10 of the Dungeon
  8286 | D:10     | Noticed Urug
  8315 | D:10     | Killed Urug
  8343 | D:10     | Got a jewelled long sword
  8344 | D:10     | Identified the cursed +0 long sword of Generosity {freeze,
                  | Dex+4} (You found it on level 10 of the Dungeon)
  8410 | D:10     | You fall into a shaft and drop 1 floor!
  8536 | D:11     | Killed an unseen horror
  8546 | D:11     | Noticed a two-headed ogre
  8565 | D:11     | Killed a two-headed ogre
  8592 | D:11     | Noticed a five-headed hydra
  8604 | D:11     | Noticed a manticore
  8609 | D:11     | Killed a five-headed hydra
  8609 | D:11     | Received a gift from Okawaru
  8679 | D:11     | Reached skill level 5 in Shields
  8692 | D:11     | Killed a manticore
  8718 | D:11     | Found a frozen archway.
  8740 | D:11     | Gained mutation: You heal very quickly. [Vine Stalker
                  | growth]
  8740 | D:11     | Reached XP level 12. HP: 58/58 MP: 19/19
  8755 | IceCv    | Entered an ice cave
  8996 | D:10     | Noticed a two-headed ogre
  9005 | D:10     | Killed a two-headed ogre
  9005 | D:10     | Received a gift from Okawaru
  9005 | D:10     | Received a gift from Okawaru
  9782 | Lair:1   | Entered Level 1 of the Lair of Beasts
  9885 | Lair:1   | Reached skill level 8 in Long Blades
 10532 | Lair:1   | Reached skill level 9 in Long Blades
 10896 | Lair:2   | Found a staircase to the Swamp.
 10994 | Lair:2   | Noticed a seven-headed hydra
 10999 | Lair:2   | Killed a seven-headed hydra
 11099 | Lair:2   | Reached skill level 10 in Long Blades
 11115 | Lair:2   | Received a gift from Okawaru
 11127 | Lair:2   | Got a pair of distressingly furry boots {god gift}
 11140 | Lair:2   | Identified the +0 pair of boots "Tiriseff" {god gift,
                  | Int+4} (Okawaru gifted it to you on level 2 of the Lair of
                  | Beasts)
 11470 | Lair:2   | Noticed a five-headed hydra
 11486 | Lair:2   | Killed a five-headed hydra
 12217 | Lair:3   | Noticed a five-headed hydra
 12228 | Lair:3   | Killed a five-headed hydra
 12228 | Lair:3   | Reached XP level 13. HP: 58/61 MP: 18/20
 12574 | Lair:3   | Reached skill level 11 in Long Blades
 12633 | Lair:3   | Found a staircase to the Snake Pit.
 13915 | Lair:4   | Noticed Nergalle
 13940 | Lair:4   | Killed Nergalle
 13940 | Lair:4   | Reached skill level 10 in Dodging
 14253 | Lair:5   | Received a gift from Okawaru
 14253 | Lair:5   | Reached skill level 12 in Long Blades
 14336 | Lair:5   | Got a silken robe
 14660 | Lair:5   | Received a gift from Okawaru
 14660 | Lair:5   | Reached skill level 13 in Long Blades
 14660 | Lair:5   | Reached XP level 14. HP: 65/66 MP: 18/21
 14668 | Lair:5   | Got a pair of faintly humming gloves {god gift}
 14679 | Lair:5   | Identified the +0 pair of gloves of Entitlement {god gift,
                  | -Cast rPois Int+5 Dex+2} (Okawaru gifted it to you on level
                  | 5 of the Lair of Beasts)
 15501 | Lair:6   | Entered Level 6 of the Lair of Beasts
 16024 | Lair:6   | Reached skill level 5 in Fighting
 16259 | Lair:6   | Found a staircase to the Slime Pits.
 16658 | Lair:6   | Noticed a dire elephant
 16675 | Lair:6   | Killed a dire elephant
 17137 | D:12     | Noticed Rupert
 17164 | D:12     | Killed Rupert
 17335 | D:12     | Noticed Nessos
 17338 | D:12     | Noticed Nessos
 17338 | D:12     | Nessos changed into Nessos the mana viper
 17347 | D:12     | Killed Nessos the mana viper
 17485 | D:12     | Reached skill level 14 in Long Blades
 17740 | D:12     | Received a gift from Okawaru
 17750 | D:12     | Got an ichor-stained plate armour {god gift}
 17768 | D:12     | Identified the +7 plate armour of the Tired Xeniums {god
                  | gift, +Inv rF- rC+} (Okawaru gifted it to you on level 12
                  | of the Dungeon)
 18225 | D:13     | Found Zunufiossa's Gadget Boutique.
 18236 | D:13     | Bought a wand of iceblast (12) for 160 gold pieces
 18236 | D:13     | Bought a lightning rod (4/4) for 400 gold pieces
 18241 | D:13     | Found Feter's Antique Armour Shop.
 18265 | D:13     | Bought a brightly glowing helmet for 256 gold pieces
 18277 | D:13     | Identified the -4 helmet "Hohiar" {rElec Str-4 Int+3} (You
                  | bought it in a shop on level 13 of the Dungeon)
 18295 | D:13     | Found Bikun's Armour Shop.
 18382 | D:13     | Reached XP level 15. HP: 77/77 MP: 22/22
 18766 | D:13     | Found a gate to the Vaults.
 18866 | D:13     | Found Wookingy's Assorted Antiques.
 18873 | D:13     | Bought a glowing cloak for 255 gold pieces
 18887 | D:13     | Found Ikkoh's Distillery.
 19454 | D:14     | Reached skill level 10 in Armour
 19505 | D:14     | Reached ****** piety under Okawaru
 19751 | D:14     | Received a gift from Okawaru
 19953 | D:15     | Entered Level 15 of the Dungeon
 20724 | D:15     | Found a staircase to the Depths.
 20998 | Orc:1    | Entered Level 1 of the Orcish Mines
 21160 | Orc:1    | Found a runed translucent door.
 21160 | Orc:1    | Noticed Ciad's ghost (journeyman MiBe)
 21184 | Orc:1    | Found a roughly hewn altar of Beogh.
 21262 | Orc:2    | Entered Level 2 of the Orcish Mines
 21262 | Orc:2    | Noticed Sonja
 21264 | Orc:2    | Noticed Maurice
 21267 | Orc:2    | Killed Sonja
 21275 | Orc:2    | Killed Maurice
 21323 | Orc:2    | Received a gift from Okawaru
 21416 | Orc:2    | Noticed an orc warlord
 21448 | Orc:2    | Killed an orc warlord
 21448 | Orc:2    | Received a gift from Okawaru
 21510 | Orc:2    | Found Byggaoru's Jewellery Shoppe.
 21559 | Orc:2    | Found a staircase to the Elven Halls.
 21639 | Orc:2    | Found Somyazag's General Store.
 21646 | Orc:2    | Reached XP level 16. HP: 76/81 MP: 23/23
 21671 | Orc:2    | Received a gift from Okawaru
 21758 | Orc:2    | Found Zopheo's Antique Weapon Shop.
 21782 | Orc:2    | Noticed Snorg
 21795 | Orc:2    | Killed Snorg
 22274 | Orc:2    | Found Seiwnui's Antique Armour Emporium.
 22698 | Swamp:1  | Entered Level 1 of the Swamp
 22712 | Swamp:1  | Reached skill level 10 in Evocations
 23727 | Swamp:2  | Reached skill level 10 in Invocations
 23738 | Swamp:2  | Noticed Jorgrun
 23763 | Swamp:2  | Killed Jorgrun
 23919 | Swamp:2  | Received a gift from Okawaru
 24353 | Swamp:3  | Received a gift from Okawaru
 24634 | Swamp:3  | Noticed Ilaxibre's ghost (adept FoEE)
 24645 | Swamp:3  | Found a transporter.
 24646 | Swamp:3  | Noticed a daeva
 24661 | Swamp:3  | Found a transporter.
 24666 | Swamp:3  | Identified the +5 lajatang of an ice cave {distort, rN+ MR+
                  | Int-5}
 24883 | Swamp:3  | Received a gift from Okawaru
 25334 | Swamp:4  | Entered Level 4 of the Swamp
 25453 | Swamp:4  | Noticed a thorn hunter
 25463 | Swamp:4  | Killed a thorn hunter
 25463 | Swamp:4  | Reached XP level 17. HP: 71/85 MP: 25/25
 25518 | Swamp:4  | Reached skill level 10 in Shields
 25539 | Swamp:4  | Received a gift from Okawaru
 25824 | Swamp:4  | Received a gift from Okawaru
 25844 | Swamp:4  | Identified Roxanne's Papyrus of Transmigration
 25844 | Swamp:4  | Noticed Roxanne
 26066 | Swamp:4  | Got a decaying rune of Zot
 26427 | Snake:1  | Entered Level 1 of the Snake Pit
 26515 | Snake:1  | Received a gift from Okawaru
 26535 | Snake:1  | Identified the +8 hand crossbow of Guilt {god gift, elec,
                  | MP+9} (Okawaru gifted it to you on level 1 of the Snake
                  | Pit)
 28204 | Snake:2  | Killed from afar by a shock serpent
